 Dungeon Crawl Stone Soup version 0.31-a0-1300-gb6740aa4e6 (webtiles) character file.

Game seed: 13566437231964163113

2789 IdlyInterested the Blocker (level 9, 0/69 HPs)
             Began as a Demonspawn Fighter on Dec 18, 2023.
             Slain by a shadow imp (5 damage)
             ... on level 8 of the Dungeon.
             The game lasted 00:24:49 (7059 turns).

IdlyInterested the Blocker (Demonspawn Fighter)     Turns: 7059, Time: 00:24:50

Health: 0/69       AC: 14    Str: 15    XL:     9   Next: 43%
Magic:  18/18      EV:  8    Int:  8    God:
Gold:   515        SH:  7    Dex: 21    Spells: 8/8 levels left

rFire   + . .        I - +5 short sword (drain)
rCold   . . .        c - +0 buckler
rNeg    . . .        O - +0 chain mail
rPois   .            (helmet restricted)
rElec   .            C - +1 cloak
rCorr   .            E - +0 pair of gloves
SInv    .            (no boots)
Will    .....        (no amulet) Stlth
                     G - ring of magical power
HPRegen 0.31/turn    J - ring of protection from fire
MPRegen 0.16/turn

%: random rage (3%)
@: mighty, lethally poisoned (0 -> -3), on berserk cooldown, slowed, very slow
A: horns 2, sharp scales 2, condensation shield, agile 1, berserk 1, MP-powered
wands, persistent drain
a: no special abilities


You were on level 8 of the Dungeon.
You visited 2 branches of the dungeon, and saw 9 of its levels.

You collected 515 gold pieces.

Inventory:

Hand Weapons
 a - a +0 rapier
 o - a +4 short sword
 t - a +2 dagger of freezing
 A - a +0 dagger of speed
 I - a +5 short sword of draining (weapon)
 N - a +0 dagger of venom
 Q - a +0 scimitar
Missiles
 e - 55 stones (quivered)
 k - 22 poisoned darts
 r - 15 boomerangs
 s - 4 atropa-tipped darts
 v - 12 javelins
 w - 5 silver javelins
Armour
 c - a +0 buckler (worn)
 C - a +1 cloak (worn)
 E - a +0 pair of gloves (worn)
 O - a +0 chain mail (worn)
Magical Staves
 m - a staff of death
 M - a staff of air
Jewellery
 G - a ring of magical power (left hand)
 J - a ring of protection from fire (right hand)
Wands
 z - a wand of iceblast (10)
 B - a wand of flame (13)
Scrolls
 f - 2 scrolls of fog
 h - a scroll of silence
 n - 4 scrolls of teleportation
 q - 3 scrolls of enchant weapon
 u - a scroll of brand weapon
 x - 2 scrolls of blinking
 y - 2 scrolls of enchant armour
 H - a scroll of poison
Potions
 d - a potion of berserk rage
 g - 2 potions of mutation
 i - 2 potions of curing
 j - a potion of invisibility
 l - a potion of attraction {unknown}
 D - 3 potions of cancellation
 F - a potion of ambrosia
 K - a potion of enlightenment
 L - a potion of brilliance {unknown}
 P - a potion of haste {unknown}


   Skills:
 - Level 6.0 Fighting
 - Level 4.0 Short Blades
 - Level 3.0 Throwing
 + Level 3.1 Armour
 - Level 3.0 Dodging
 - Level 3.0 Stealth
 * Level 8.5 Shields
 - Level 3.0 Evocations


You had 8 spell levels left.
You didn't know any spells.
Your spell library contained the following spells:

 Spells                   Type           Power      Damage    Failure   Level
 Tukima's Dance           Hex            0%         N/A       100%        3
 Passage of Golubria      Tloc           0%         N/A       100%        4
 Yara's Violent Unravell  Hex/Tmut       0%         3d3       100%        5


Dungeon Overview and Level Annotations

Branches:
Dungeon (8/15)             Temple (1/1) D:6
   Lair: D:8-11

Altars:
Ashenzari
Cheibriados
Dithmenos
Fedhas
Gozag
Hepliaklqana
Kikubaaqudgha
Makhleb
Nemelex Xobeh
Okawaru
Qazlal
Ru
Trog
Vehumet
Wu Jian
Xom
Yredelemnul

Shops:
D:6 =


Innate Abilities, Weirdness & Mutations

You have a pair of horns on your head.
You are mostly covered in razor-sharp scales. (AC +2, Slay +2)
A meltable shield of frost defends you. (SH +0)
You are agile. (Dex +4, Str/Int -1)
You sometimes lose your temper in combat.
You expend magic power (3 MP) to strengthen your wands.
Your health recovers twice as slowly from being drained.


Message History

The bolt of poison hits you!
You are poisoned.
You are constricted.
You feel much better.
You feel very sick. You block the shadow imp's attack.
You hear a zap.
An iceblast appears from out of thin air!
The mass of ice explodes!
The iceblast engulfs you!
The iceblast engulfs something!!
The iceblast engulfs the shadow imp.
The shadow imp partially resists.
The iceblast engulfs the orc!!
The orc dies!
You are constricted.
You block the orc's attack. The shadow imp barely misses you.
The orc barely misses you. Something hits you!
Your condensation shield dissipates!
Something burns you.
You are constricted.
You hear an angry hiss.
You hit something.
You feel very sick.
The orc hits you from afar with a +0 trident.
Something hits you but does no damage.
You are constricted.
You block the shadow imp's attack.
You miss something. Your headbutt misses something.
You feel sick. The orc hits you but does no damage. The shadow imp hits you.
* * * LOW HITPOINT WARNING * * *
Something hits you but does no damage.
You are constricted.
* * * LOW HITPOINT WARNING * * *
Unknown command.
You puncture something! You headbutt something!
You feel sick.
The orc hits you from afar with a +0 trident.
* * * LOW HITPOINT WARNING * * *
The shadow imp lashes its tail.
The shadow imp hits you but does no damage.
You block something's attack.
You are constricted.
* * * LOW HITPOINT WARNING * * *
You puncture something!
Reactivating autopickup.
You feel a bit more experienced.
You feel sick. The shadow imp hits you.
You die...

#...............!
#......
#$.....................
#.....
#.....................
#.....
#....................
##....
#...................
##...
#..................
#... #...........o.....
##.. #.†.....)5)......
#..
######.#......@)..$.#
##..
##..##.###.#######..##
#..# ##......# ### #
##... #.......# ##....
........# #.....
........# #.....
........# #.#....
........# #..#....
.......## #.##....


You could see a shadow imp and an orc.

Vanquished Creatures
  Erica (D:8)
  A wyvern (D:7)
  3 water moccasins
  Duvessa (D:7)
  An ice beast (D:6)
  A black bear (D:5)
  An orc warrior (D:8)
  An ogre (D:6)
  A sky beast (D:6)
  2 centaurs (D:8)
  A kobold brigand (D:8)
  A gnoll sergeant (D:6)
  A scorpion (D:7)
  10 wights
  Dowan (D:7)
  A howler monkey (D:6)
  2 hounds (D:6)
  2 orc priests (D:8)
  A gnoll bouda (D:5)
  3 jellies
  An iron imp (D:3)
  2 sleepcaps
  2 iguanas (D:5)
  5 orc wizards
  Terence (D:2)
  A statue (D:6)
  10 gnolls
  5 adders
  A shadow imp (D:7)
  A white imp (D:7)
  2 ufetubi (D:5)
  2 worms
  14 orcs
  6 ball pythons
  6 bats
  9 endoplasms
  3 giant cockroaches
  10 goblins
  5 hobgoblins
  8 jackals
  12 kobolds
  A quokka (D:1)
  14 frilled lizards
  5 rats
162 creatures vanquished.

Vanquished Creatures (others)
  An orc (D:8)
1 creature vanquished.

Grand Total: 163 creatures vanquished

Notes
Turn   | Place    | Note
-------+----------+-------------------------------------------
     0 | D:1      | IdlyInterested the Demonspawn Fighter began the quest for
                  | the Orb.
     0 | D:1      | Reached XP level 1. HP: 18/18 MP: 1/1
   118 | D:1      | Gained mutation: A meltable shield of frost defends you.
                  | (SH +0) [demonic ancestry]
   118 | D:1      | Reached XP level 2. HP: 17/24 MP: 2/2
   288 | D:1      | Reached skill level 1 in Dodging
   627 | D:1      | Reached XP level 3. HP: 29/29 MP: 3/3
   889 | D:2      | Gained mutation: You are weak. (Str -2) [potion of
                  | mutation]
   889 | D:2      | Gained mutation: Your health recovers twice as slowly from
                  | being drained. [potion of mutation]
   889 | D:2      | Gained mutation: You have large cloven feet. [potion of
                  | mutation]
   889 | D:2      | Gained mutation: You expend magic power (3 MP) to
                  | strengthen your wands. [potion of mutation]
   997 | D:2      | Found a basalt altar of Yredelemnul.
  1089 | D:2      | Noticed Terence
  1109 | D:2      | Killed Terence
  1110 | D:2      | Gained mutation: You have a pair of small horns on your
                  | head. [demonic ancestry]
  1110 | D:2      | Reached XP level 4. HP: 25/35 MP: 4/4
  1369 | D:2      | You fall into a shaft and drop 1 floor!
  1708 | D:3      | Found a snail-covered altar of Cheibriados.
  1728 | D:3      | Reached skill level 3 in Shields
  1728 | D:3      | Gained mutation: You are partially covered in razor-sharp
                  | scales. (AC +1, Slay +1) [demonic ancestry]
  1728 | D:3      | Reached XP level 5. HP: 26/41 MP: 5/5
  2002 | D:3      | Found a faded altar of an unknown god.
  2851 | D:4      | Lost mutation: You have large cloven feet. [potion of
                  | mutation]
  2851 | D:4      | Lost mutation: You expend magic power (3 MP) to strengthen
                  | your wands. [potion of mutation]
  2851 | D:4      | Lost mutation: You are weak. (Str -2) [potion of mutation]
  2851 | D:4      | Gained mutation: You are agile. (Dex +4, Str/Int -1)
                  | [potion of mutation]
  2851 | D:4      | Gained mutation: You expend magic power (3 MP) to
                  | strengthen your wands. [potion of mutation]
  2851 | D:4      | Gained mutation: You sometimes lose your temper in combat.
                  | [potion of mutation]
  2908 | D:4      | Found a broken altar of Ashenzari.
  2990 | D:4      | Noticed an angel
  3163 | D:5      | Entered Level 5 of the Dungeon
  3177 | D:5      | Noticed a water moccasin
  3193 | D:5      | Killed a water moccasin
  3194 | D:5      | Reached skill level 1 in Throwing
  3194 | D:5      | Reached skill level 4 in Shields
  3194 | D:5      | Reached XP level 6. HP: 16/47 MP: 6/6
  3426 | D:5      | Reached skill level 5 in Shields
  3632 | D:5      | Gained mutation: You are mostly covered in razor-sharp
                  | scales. (AC +2, Slay +2) [demonic ancestry]
  3632 | D:5      | Reached XP level 7. HP: 52/52 MP: 7/7
  4191 | D:6      | Found Pedeoz's Jewellery Shop.
  4207 | D:6      | Reached skill level 1 in Evocations
  4310 | D:6      | Reached skill level 6 in Shields
  4474 | D:6      | Reached skill level 1 in Stealth
  4474 | D:6      | Gained mutation: You have a pair of horns on your head.
                  | [demonic ancestry]
  4474 | D:6      | Reached XP level 8. HP: 58/58 MP: 8/8
  4586 | D:6      | Found a staircase to the Ecumenical Temple.
  4755 | Temple   | Entered the Ecumenical Temple
  4786 | D:6      | Found a radiant altar of Vehumet.
  4979 | D:7      | Reached skill level 7 in Shields
  5345 | D:7      | Reached skill level 5 in Fighting
  5709 | D:7      | Noticed Dowan
  5716 | D:7      | Noticed Duvessa
  5718 | D:7      | Killed Dowan
  5727 | D:7      | Killed Duvessa
  5728 | D:7      | Reached XP level 9. HP: 13/65 MP: 9/9
  6651 | D:8      | Found a sacrificial altar of Ru.
  6656 | D:8      | Found an opulent altar of Gozag.
  6944 | D:8      | Reached skill level 8 in Shields
  7047 | D:8      | Noticed Erica
  7059 | D:8      | Killed Erica
  7059 | D:8      | Slain by a shadow imp

Illustrated notes

Levels and vault maps discovered:
D:1:      amcnicky_arrival_wind_blow, layout_basic, dreamdust_princess_corridor,
          minmay_misc_feat_plants, minmay_lizard_king
D:2:      layout_basic, basic_altar, minmay_misc_feat_cross, minmay_tromino_v2,
          uniq_terence
D:3:      layout_basic, slow_altar_1, hellmonk_ecumenical_altar_dog_temple
D:4:      layout_basic, zin_angel, amcnicky_altar_gilded, kennysheep_boxes
D:5:      layout_loops_ring
D:6:      layout_rooms, vehumet_statue, minmay_temple_entry_statues_pillars,
          serial_shops, nicolae_shop_hallway_stairs
D:7:      layout_gridville, uniq_duvessa
D:8:      layout_cave_pods, mainiacjoe_overflow_big_doors,
          overflow_temple_1_default, uniq_jeremiah, uniq_erica, uniq_amaemon
Temple:   oiseaux_autumnal_temple

Skill      XL: |  1  2  3  4  5  6  7  8  9 |
---------------+----------------------------+-----
Short Blades   | 2 3 4 |  4.0
Armour         | 3 |  3.1
Dodging        | 1 2 3 |  3.0
Shields        | 3 4 5 6 7 8 |  8.5
Throwing       | 1 2 3 |  3.0
Evocations     | 3 |  3.0
Stealth        | 1 3 |  3.0
Fighting       | 5 6 |  6.0

Action                     |  1- 3 |  4- 6 |  7- 9 || total
---------------------------+-------+-------+-------++-------
  Melee: Rapier            |    90 |       |       ||    90
         Dagger            |    41 |   136 |   129 ||   306
         Kick              |     8 |    27 |       ||    35
         Headbutt          |       |    29 |    63 ||    92
         Short sword       |       |       |   109 ||   109
  Throw: Stone             |       |     4 |    21 ||    25
         Javelin           |       |       |     3 ||     3
         Dart              |       |       |     2 ||     2
    Use: Scroll            |     2 |     6 |     6 ||    14
         Potion            |     1 |     4 |     6 ||    11
   Stab: Invisible         |       |       |     1 ||     1
 Armour: Scale mail        |    74 |    53 |    16 ||   143
         Chain mail        |       |       |   143 ||   143
  Dodge: Dodged            |    52 |    44 |    66 ||   162
  Block: Buckler           |    51 |    45 |   146 ||   242

Table legend: (Time is in decaauts)
 A = Elapsed time spent in this place.
 B = Non-inter-level travel time spent in this place.
 C = Inter-level travel time spent in this place.
 D = Time resting spent in this place.
 E = Time spent auto-exploring this place.
 F = Levels seen in this place.
 G = Mean time per level.
                   A        B        C        D        E       F      G
               +--------+--------+--------+--------+--------+-----+--------+
         Total |   7065 |   6667 |    398 |   1014 |   4036 |   9 |  785.0 |
       Dungeon |   7063 |   6665 |    398 |   1014 |   4036 |   8 |  882.9 |
        Temple |      1 |      1 |      0 |      0 |      0 |   1 |    1.0 |
               +--------+--------+--------+--------+--------+-----+--------+

Top non-repeatable levels by time:
     D:7: 1547 daAuts
     D:5: 989 daAuts
     D:1: 896 daAuts
     D:2: 810 daAuts
     D:6: 797 daAuts
     D:3: 741 daAuts
     D:4: 720 daAuts
     D:8: 560 daAuts
  Temple: 1 daAuts
